cohdb
Replays
Latest Replays
All Replays
Popular Replays
Top Player Replays
Match Explorer
How It Works
Community
CoH3 Stats
Reddit
Sign in to upload your games and track your stats! →
Sign in with Steam
Match 40003724
Unlisted
Match 40003724
Overview
Messages
Build Orders
End
Construct Section Command Post
Construct Section Command Post
Selects Indian Artillery Battlegroup
Infantry Section
Vickers Machine Gun Team
Infantry Section
Infantry Section
Infantry Section
Selects War Cry
Construct Platoon Command Post
Selects Gurkha Rifles Section
Grenade Package
6-pounder Anti-tank Gun Team
Infantry Training
War Cry
CMP 15cwt Truck
Forward Retreat Point
Selects Volunteer Infantry
Construct Company Command Post
Team Weapon Training
Matilda II Heavy Tank
War Cry
Selects Artillery Saturation
Selects Off-map Airburst Barrage
Infantry Section
Selects BL5.5 Artillery Emplacement
Matilda II Heavy Tank
War Cry
Crusader II Medium Tank
Off-map Airburst Barrage
Crusader II Medium Tank
Foot Guards Section
Crusader II Medium Tank
Royal Engineer Section
Unlock M3 Grant Medium Tanks
War Cry
Forward Retreat Point
M3 Grant Medium Tank
M3 Grant Medium Tank
M3 Grant Medium Tank
Off-map Airburst Barrage
Exf
Gravey
PSPSPSPS 〈=^ェ^=〉
白非非
포격주의
国窖1573
the.dolfini
(◣✠◢) John1986 ✠
0
0
Comments
sign in to comment!
No comments posted yet!